 Dungeon Sprint DCSS version 0.30-a0-596-g0af90f9a20 (webtiles) character file.

Game seed: 2811566436444132755

117 mhtbhm the Ruffian (level 4, -18/41 HPs)
             Began as a Troll Transmuter on Jan 7, 2023.
             Was an Initiate of Gozag.
             Demolished by a snapping turtle (27 damage)
             ... in the Dungeon (Sprint VII: "The Pits").
             The game lasted 00:01:40 (410 turns).

mhtbhm the Ruffian (Troll Transmuter)                Turns: 410, Time: 00:01:40

Health: -18/41     AC:  4    Str: 20    XL:     4   Next: 71%
Magic:  2/6        EV: 10    Int:  9    God:    Gozag
Gold:   936        SH:  0    Dex: 10    Spells: 2/8 levels left

rFire   . . .      SeeInvis .      - Unarmed
rCold   . . .      Faith    .    (no shield)
rNeg    . . .      Spirit   .    a - +0 robe
rPois   .          Reflect  .    (helmet currently unavailable)
rElec   .          Harm     .    (no cloak)
rCorr   .          Rampage  .    (gloves unavailable)
Will    .....      NoTele   +    (boots unavailable)
Stlth   +                        (no amulet)
HPRegen 1.06/turn                (no ring)
MPRegen 0.10/turn                (no ring)

@: appendages (expiring), wereblooded (expiring)
A: horns 2, talons 2, large, unfitting armour, claws 3, regeneration 1, shaggy
fur 1, tough skin 1
a: End Transformation, Renounce Religion, Potion Petition, Call Merchant, Bribe
Branch


You were in the Dungeon.
You worshipped Gozag.
Gozag was pleased with you.
You had temporarily grown beastly horns and talons.
You visited 1 branch You collected 936 gold pieces.

Inventory:

Missiles
 l - a curare-tipped dart
Armour
 a - a +0 robe (worn)
Scrolls
 h - a scroll of blinking
 j - 5 scrolls of amnesia
 k - a scroll of butterflies
Potions
 b - a potion of lignification
 c - 4 potions of curing
 d - 4 potions of heal wounds
 e - a potion of haste
 f - 4 potions of magic
 g - 3 potions of berserk rage
 i - 2 potions of invisibility


   Skills:
 + Level 1.5 Fighting
 + Level 3.7 Dodging
 + Level 0.3 Stealth
 + Level 7.0 Unarmed Combat
 + Level 2.6 Spellcasting
 + Level 2.9 Transmutations


You had 2 spell levels left.
You knew the following spells:

 Your Spells              Type           Power      Damage    Failure   Level
a - Beastly Appendage     Tmut           12%        N/A       10%         1
b - Wereblood             Tmut           6%         N/A       14%         2
c - Spider Form           Tmut/Pois      3%         N/A       45%         3

Your spell library contained the following spells:

 Spells                   Type           Power      Damage    Failure   Level
 Ice Form                 Ice/Tmut       3%         N/A       86%         4


Dungeon Overview and Level Annotations

Branches:
Dungeon (1/1)

Altars:
Ashenzari
Cheibriados
Dithmenos
Elyvilon
Fedhas
Gozag
Hepliaklqana
Kikubaaqudgha
Makhleb
Nemelex Xobeh
Okawaru
Qazlal
Ru
Sif Muna
Trog
Uskayaw
Vehumet
Wu Jian
Xom
Yredelemnul
Zin
The Shining One
Jiyva
Lugonu


Innate Abilities, Weirdness & Mutations

You have temporarily grown beastly horns and talons.
You are too large for most types of armour.
You have claws for hands.
Your natural rate of healing is unusually fast.
You are covered in fur. (AC +1)
You have tough skin. (AC +1)


Message History

A snapping turtle comes into view.
The snapping turtle hisses angrily.
The snapping turtle barely misses you. The snapping turtle bites you!
There is an open door here.
You hit the snapping turtle but do no damage.
The snapping turtle bites you!
You hit the snapping turtle.
The snapping turtle is poisoned.
The snapping turtle is lightly wounded.
The snapping turtle barely misses you.
The snapping turtle bites you from afar.
There is an open door here.
Your transformation has ended.
Your +0 robe unmelds from your body.
You howl as the wereblood boils in your veins!
Your primal bloodlust is almost over.
There is an open door, spattered with blood here.
Items here: )))) [[[.
You feel much better.
You howl as the wereblood boils in your veins!
The snapping turtle looks more healthy.
Casting: Wereblood (safe; 14% risk of failure)
Confirm with . or Enter, or press ? or * to list all spells.
You grow a pair of large bovine horns.
Your feet morph into talons.
You howl as the wereblood boils in your veins!
You howl as the wereblood boils in your veins!
Your transformation is almost over.
The snapping turtle bites you!!
Ouch! That really hurt!
You barely miss the snapping turtle. You claw the snapping turtle.
The snapping turtle is moderately wounded.
The snapping turtle bites you!
* * * LOW HITPOINT WARNING * * *
You claw the snapping turtle!
You claw the snapping turtle, but do no damage.
The snapping turtle is moderately wounded.
The snapping turtle bites you!!
Ouch! That really hurt!
You die...
Your body crumbles into a pile of gold.

#.#...#.#))#####'##
#.#..)'.#))##......
#.##'####))##......
#.#.....#[[##......
#.#.....#'###...<..
#.#........##......
#.#........##......
#)###########......
#.@t....# #######
#.......# #...#...#
#..###..#+#
#...#...#t+
#.......#'#
#.......'$#
###########


You could see a snapping turtle.

Vanquished Creatures
  A kobold brigand (D)
  An orc priest (D)
  An adder skeleton (D)
  2 orcs (D)
  A bat skeleton (D)
  A bat zombie (D)
  A goblin (D)
  A hobgoblin (D)
  A ball python (D)
  A ball python zombie (D)
  2 bats (D)
  4 frilled lizards (D)
  A quokka zombie (D)
18 creatures vanquished.

Notes
Turn   | Place    | Note
-------+----------+-------------------------------------------
     0 | D        | mhtbhm the Troll Transmuter began the quest for the Orb.
     0 | D        | Reached XP level 1. HP: 18/18 MP: 1/1
    17 | D        | Found a bloodstained altar of Trog.
    17 | D        | Found a shimmering blue altar of Sif Muna.
    17 | D        | Found a viscous altar of Jiyva.
    17 | D        | Found a hazy altar of Hepliaklqana.
    17 | D        | Found an opulent altar of Gozag.
    18 | D        | Found a glowing golden altar of the Shining One.
    18 | D        | Found a glowing silver altar of Zin.
    18 | D        | Found a basalt altar of Yredelemnul.
    18 | D        | Found a shimmering altar of Xom.
    18 | D        | Found an ornate altar of the Wu Jian Council.
    18 | D        | Found a sacrificial altar of Ru.
    18 | D        | Found a stormy altar of Qazlal.
    18 | D        | Found an iron altar of Okawaru.
    18 | D        | Found a sparkling altar of Nemelex Xobeh.
    18 | D        | Found a burning altar of Makhleb.
    18 | D        | Found a blossoming altar of Fedhas.
    18 | D        | Found a white marble altar of Elyvilon.
    18 | D        | Found a shadowy altar of Dithmenos.
    18 | D        | Found a snail-covered altar of Cheibriados.
    20 | D        | Found a radiant altar of Vehumet.
    20 | D        | Found a corrupted altar of Lugonu.
    21 | D        | Found a hide-covered altar of Uskayaw.
    21 | D        | Found an ancient bone altar of Kikubaaqudgha.
    21 | D        | Found a broken altar of Ashenzari.
    25 | D        | Became a worshipper of Gozag Ym Sagoz the Greedy
    79 | D        | Reached skill level 4 in Unarmed Combat
    97 | D        | Reached XP level 2. HP: 26/26 MP: 0/3
   170 | D        | Learned a level 2 spell: Wereblood
   306 | D        | Noticed a kobold brigand
   327 | D        | Reached skill level 1 in Fighting
   327 | D        | Reached skill level 5 in Unarmed Combat
   327 | D        | Reached XP level 3. HP: 4/33 MP: 1/5
   336 | D        | Killed a kobold brigand
   337 | D        | Reached skill level 7 in Unarmed Combat
   337 | D        | Reached XP level 4. HP: 7/41 MP: 2/6
   386 | D        | Learned a level 3 spell: Spider Form
   393 | D        | Noticed a snapping turtle
   410 | D        | Demolished by a snapping turtle

Illustrated notes

Levels and vault maps discovered:
D:        pitsprint [storerooms_1, entrance_room_1, metal_vault_5, armoury_2,
          mini_pit_1, grid_room_1, main_hall_1, silver_pit, the_coven_2,
          the_vestibule_1, steel_vault_2, golden_pit, hallway_of_sentries,
          crystal_vault_2, iron_vault_1, final_vault]

Skill      XL: |  1  2  3 |
---------------+----------+-----
Unarmed Combat | 4 5 7 |  7.0
Dodging        | 2 3 |  3.7
Fighting       | 1 |  1.5
Spellcasting   | 2 |  2.6
Transmutations | 2 |  2.9
Stealth        | |  0.3

Action                   |  1- 3 |  4- 6 || total
-------------------------+-------+-------++-------
Melee: Unarmed           |    44 |     6 ||    50
       Kick              |     4 |     2 ||     6
       Headbutt          |     6 |       ||     6
       Punch             |     1 |       ||     1
 Cast: Beastly Appendage |     6 |     1 ||     7
       Wereblood         |     1 |     1 ||     2
       Spider Form       |       |     1 ||     1
  Use: Potion            |     3 |     1 ||     4
 Stab: Distracted        |       |     1 ||     1
       Sleeping          |       |     1 ||     1
Armor: Robe              |    23 |       ||    23
Dodge: Dodged            |    26 |     2 ||    28

Table legend: (Time is in decaauts)
 A = Elapsed time spent in this place.
 B = Non-inter-level travel time spent in this place.
 C = Inter-level travel time spent in this place.
 D = Time resting spent in this place.
 E = Time spent auto-exploring this place.
 F = Levels seen in this place.
 G = Mean time per level.
                   A        B        C        D        E       F      G
               +--------+--------+--------+--------+--------+-----+--------+
         Total |    423 |    423 |      0 |    170 |     24 |   1 |  423.0 |
       Dungeon |    423 |    423 |      0 |    170 |     24 |   1 |  423.0 |
               +--------+--------+--------+--------+--------+-----+--------+

Top non-repeatable levels by time:
       D: 423 daAuts
